 Dungeon Crawl Stone Soup version 0.20-a0-1020-g7b9e4fe (webtiles) character file.

1665 Gorglomux the Scholar of Death (level 8, -7/52 HPs)
             Began as a Vampire Necromancer on Apr 18, 2017.
             Was a Follower of Kikubaaqudgha.
             Mangled by a brown ugly thing (9 damage)
             ... on level 7 of the Dungeon.
             The game lasted 00:21:13 (9638 turns).

Gorglomux the Scholar of Death (VpNe)               Turns: 9638, Time: 00:21:14

Health: -7/52      AC:  4    Str:  7    XL:     8   Next: 69%
Magic:  8/17       EV: 13    Int: 19    God:    Kikubaaqudgha [*.....]
Gold:   356        SH:  0    Dex: 15    Spells: 5/20 levels left

rFire    . . .     SeeInvis +   e - +0 dagger
rCold    + . .     Gourm    .   (no shield)
rNeg     + + +     Faith    .   a - +0 robe
rPois    +         Spirit   .   (no helmet)
rElec    .         Reflect  .   B - +0 cloak (curse)
rCorr    .         Harm     .   x - +0 pair of gloves
MR       .....                  (no boots)
Stlth    +++++.....             (no amulet)
Regen    0.1/turn               D - ring of positive energy {rN+}
MPRegen  0.2/turn               (no ring)

@: regenerating slowly
A: fangs 3, see invisible, unbreathing
a: Bat Form, Receive Corpses, Renounce Religion


You were on level 7 of the Dungeon.
You worshipped Kikubaaqudgha.
Kikubaaqudgha was aware of your devotion.
You were near bloodless.

You visited 2 branches of the dungeon, and saw 8 of its levels.

You collected 356 gold pieces.

Inventory:

Hand Weapons
 e - a +0 dagger (weapon)
   (You took it off a kobold on level 1 of the Dungeon)
 z - a +0 hand axe of flaming
   (You took it off an orc priest on level 5 of the Dungeon)
Missiles
 d - 2 curare-tipped needles
Armour
 a - a +0 robe (worn)
 k - a +0 buckler
   (You found it on level 2 of the Dungeon)
 x - a +0 pair of gloves (worn)
   (You found it on level 6 of the Dungeon)
 B - a cursed +0 cloak (worn)
   (You took it off Crazy Yiuf on level 7 of the Dungeon)
Jewellery
 D - a ring of positive energy (left hand) {rN+}
   (You found it on level 7 of the Dungeon)
Wands
 p - a wand of polymorph (12/24)
   (You found it on level 5 of the Dungeon)
 w - a wand of lightning (6/15)
   (You found it on level 6 of the Dungeon)
Scrolls
 c - a scroll of enchant weapon {unknown}
 g - 3 scrolls of identify
 i - 2 scrolls of immolation {!r}
 j - a scroll of fear {unknown}
 l - 3 scrolls of teleportation {unknown}
 n - a scroll of blinking {unknown}
 q - a scroll of noise {unknown}
 r - 2 scrolls of magic mapping {unknown}
 s - 2 scrolls of amnesia {unknown}
 u - 2 scrolls of remove curse
 A - a scroll of recharging {unknown}
 F - a scroll of vulnerability {unknown}
Potions
 f - a potion of berserk rage {unknown}
 h - 3 potions of heal wounds
 m - 2 potions of brilliance
 o - 2 potions of ambrosia
 t - 2 potions of haste {unknown}
 v - a potion of lignification {!q}
 C - a potion of agility {unknown}
 E - 2 potions of mutation {unknown}
Books
 b - a book of Necromancy
 y - Kikubaaqudgha's Grimoire of Unholy Rituals
   (Kikubaaqudgha gifted it to you on level 5 of the Dungeon)

   Spells                             Type                      Level
   a - Animate Skeleton               Necromancy                   1
   b - Corpse Rot                     Necromancy                   2
   c - Sublimation of Blood           Necromancy                   2
   d - Vampiric Draining              Necromancy                   3
   e - Control Undead                 Necromancy                   4


   Skills:
 - Level 2.1 Dodging
 + Level 8.2 Stealth
 * Level 6.6 Spellcasting
 * Level 9.0 Necromancy


You had 5 spell levels left.
You knew the following spells:

 Your Spells              Type           Power        Failure   Level  Hunger
a - Pain                  Necr           ####         1%          1    None
b - Animate Skeleton      Necr           N/A          1%          1    None
c - Corpse Rot            Necr           N/A          1%          2    None
d - Control Undead        Necr           #####.....   2%          4    ####...
x - Vampiric Draining     Necr           #####.....   1%          3    ##.....
A - Animate Dead          Necr           N/A          2%          4    ####...


Dungeon Overview and Level Annotations

Branches:
Dungeon (7/15)             Temple (1/1) D:4

Altars:
Ashenzari
Cheibriados
Dithmenos
Elyvilon
Fedhas
Gozag
Hepliaklqana
Kikubaaqudgha
Makhleb
Nemelex Xobeh
Qazlal
Ru
Sif Muna
Trog
Uskayaw
Vehumet
Xom
Zin
The Shining One
Lugonu

Annotations:
D:6 derval's ghost, novice DECj


Innate Abilities, Weirdness & Mutations

You heal slowly.
You have razor-sharp teeth.
You have supernaturally acute eyesight. (SInv)
You can survive without breathing.


Message History

Aim: a brown ugly thing (lightly wounded, chance to defeat MR: 71%)
The brown ugly thing writhes in agony!
Your rat zombie bites the brown ugly thing.
The brown ugly thing pecks your rat zombie.
Your rat zombie is splashed with acid.
Your rat zombie is destroyed!
You take 1 damage, and have 45/52 hp.
You now have 7/17 mp.
Aim: a brown ugly thing (lightly wounded, chance to defeat MR: 71%)
The brown ugly thing writhes in agony!
The brown ugly thing pecks your centaur zombie!
Your centaur zombie is splashed with acid.
You take 1 damage, and have 44/52 hp.
Aim: a brown ugly thing (moderately wounded, chance to defeat MR: 71%)
The brown ugly thing writhes in agony!
Your centaur zombie hits the brown ugly thing.
The brown ugly thing pecks your centaur zombie!
Your centaur zombie is destroyed!
You take 1 damage, and have 43/52 hp.
You now have 6/17 mp.
Aim: a brown ugly thing (moderately wounded, chance to defeat MR: 71%)
The brown ugly thing struggles to resist.
The brown ugly thing pecks your troll zombie!
Your troll zombie is splashed with acid.
You take 1 damage, and have 42/52 hp.
You now have 5/17 mp.
Aim: a brown ugly thing (moderately wounded, chance to defeat MR: 71%)
The brown ugly thing struggles to resist.
Your troll zombie bites the brown ugly thing!
Your troll zombie closely misses the brown ugly thing.
Your troll zombie claws the brown ugly thing but does no damage.
The brown ugly thing pecks your troll zombie!
Your troll zombie is splashed with acid.
You take 1 damage, and have 41/52 hp.
You now have 4/17 mp.
Aim: a brown ugly thing (heavily wounded, chance to defeat MR: 71%)
The brown ugly thing writhes in agony!
Your troll zombie bites the brown ugly thing but does no damage.
Your troll zombie closely misses the brown ugly thing.
Your troll zombie claws the brown ugly thing.
The brown ugly thing pecks your troll zombie!
Your troll zombie is splashed with acid.
The acid corrodes your troll zombie!
You now have 3/17 mp.
Aim: a brown ugly thing (heavily wounded, chance to defeat MR: 71%)
The brown ugly thing writhes in agony!
The brown ugly thing pecks your troll zombie.
Your troll zombie is destroyed!
You take 1 damage, and have 40/52 hp.
You now have 2/17 mp.
Aim: a brown ugly thing (severely wounded, chance to defeat MR: 71%)
The brown ugly thing struggles to resist.
You take 1 damage, and have 39/52 hp.
Aim: a brown ugly thing (severely wounded, chance to defeat MR: 71%)
The brown ugly thing writhes in agony!
The brown ugly thing pecks you! The acid corrodes you!
You are splashed with acid!
The acid burns!
You take 19 damage, and have 20/52 hp.
MASSIVE DAMAGE!!
You now have 1/17 mp.
The brown ugly thing closely misses you.
You don't have enough magic at the moment.
You turn into a vampire bat.
Your +0 dagger melds into your body.
Your cursed +0 cloak melds into your body.
Your +0 pair of gloves melds into your body.
Your +0 robe melds into your body.
Your ring of positive energy {rN+} melds into your body.
The brown ugly thing completely misses you.
You now have 1/17 mp.
You are no longer corroded.
You can't do that in your present form.
Unknown command.
Okay, then.
As you read the scroll of identify, it crumbles to dust.
w - a wand of lightning (9/15)
You have no means to grasp a wand firmly enough.
Okay, then.
An orc priest comes into view. It is wielding a short sword.
The orc priest moves out of view.
Okay, then.
Your transformation has ended.
Your +0 dagger unmelds from your body.
Your cursed +0 cloak unmelds from your body.
Your +0 pair of gloves unmelds from your body.
Your +0 robe unmelds from your body.
Your ring of positive energy {rN+} unmelds from your body.
You hear a mighty clap of thunder!
The bolt of lightning hits the brown ugly thing.
The bolt of lightning misses the brown ugly thing.
This wand has 8 charges left.
You hear a shout! x3
The brown ugly thing pecks you!
* * * LOW HITPOINT WARNING * * *
You are splashed with acid!
The acid burns!
* * * LOW HITPOINT WARNING * * *
You take 23 damage, and have 2/52 hp.
MASSIVE DAMAGE!!
You hear a mighty clap of thunder!
The bolt of lightning hits the brown ugly thing. x2
This wand has 7 charges left.
The brown ugly thing misses you.
You hear a mighty clap of thunder!
The bolt of lightning hits the brown ugly thing. x2
The brown ugly thing appears unharmed.
This wand has 6 charges left.
The brown ugly thing pecks you!
You die...
Kikubaaqudgha rasps: "You have failed me!
Welcome... oblivion!"

............### ..............###
................### .##
..........<.......### ..#
............#.......### ..# #
...........###........### #.###
........)..####.........#####...)
..o..............................
.<..........##.u@.........<......
........###.#....................
######### #................#....u
.## ##..............###..... ..##
#...............####.... #..####
#+..+###.........# ##... ##....#
#....# #.........# ###. #....#
♣....♣ #.........## ## ##Z.###
♣♣...♣ #..>.......#


You could see a brown ugly thing.

Vanquished Creatures
  An orc warrior (D:6)
  2 black bears
  A sky beast (D:6)
  2 bullfrogs (D:6)
  A water moccasin skeleton (D:6)
  5 scorpions
  3 electric eels (D:6)
  2 howler monkeys
  A crimson imp (D:5)
  2 hounds (D:4)
  2 jellies
  A bullfrog skeleton (D:7)
  4 orc priests
  3 worker ants
  2 orc wizards (D:6)
  A hound skeleton (D:6)
  4 gnolls
  2 howler monkey skeletons
  7 adders
  An ooze (D:1)
  An adder skeleton (D:6)
  2 dart slugs
  2 worms (D:2)
  8 leopard geckos
  7 orcs
  A ball python (D:1)
  3 giant cockroaches
  13 goblins
  4 hobgoblins
  2 jackals (D:6)
  7 bats
  4 frilled lizards
  12 kobolds
  A quokka skeleton (D:6)
  6 rats
120 creatures vanquished.

Vanquished Creatures (collateral kills)
  A crimson imp (D:6)
  Crazy Yiuf (D:7)
  An orc wizard (D:6)
  An adder (D:7)
  A shadow imp (D:7)
  An adder zombie (D:7)
  A jackal (D:6)
7 creatures vanquished.

Vanquished Creatures (others)
  A plant (D:6)
1 creature vanquished.

Grand Total: 128 creatures vanquished

Notes
Turn   | Place    | Note
-------+----------+-------------------------------------------
     0 | D:1      | Gorglomux the Vampire Necromancer began the quest for the Orb.
     0 | D:1      | Reached XP level 1. HP: 13/13 MP: 3/3
   302 | D:1      | Reached XP level 2. HP: 17/19 MP: 1/5
   859 | D:1      | Reached skill level 5 in Necromancy
   874 | D:1      | Reached XP level 3. HP: 21/24 MP: 2/6
  1403 | D:2      | Learned a level 3 spell: Vampiric Draining
  1405 | D:2      | Learned a level 1 spell: Animate Skeleton
  1620 | D:2      | Found a shimmering altar of Xom.
  1620 | D:2      | Found a shimmering altar of Xom.
  1635 | D:2      | Found a shimmering altar of Xom.
  1645 | D:2      | Found a radiant altar of Vehumet.
  1845 | D:2      | Found a shimmering altar of Xom.
  1846 | D:2      | Found a shimmering altar of Xom.
  2152 | D:2      | Found a sparkling altar of Nemelex Xobeh.
  2391 | D:2      | Reached XP level 4. HP: 18/30 MP: 2/8
  2986 | D:3      | Reached skill level 3 in Spellcasting
  3003 | D:3      | Reached skill level 4 in Stealth
  3229 | D:3      | You fall through a shaft for 2 floors!
  3229 | D:5      | Entered Level 5 of the Dungeon
  3229 | D:5      | Found a hide-covered altar of Uskayaw.
  3479 | D:5      | Found a white marble altar of Elyvilon.
  3484 | D:5      | Reached XP level 5. HP: 18/35 MP: 4/10
  3485 | D:5      | Found a blossoming altar of Fedhas.
  3646 | D:5      | Found a stormy altar of Qazlal.
  3677 | D:4      | Reached skill level 6 in Necromancy
  4115 | D:4      | Reached XP level 6. HP: 25/41 MP: 4/11
  4250 | D:3      | Found a burning altar of Makhleb.
  4291 | D:4      | Found a staircase to the Ecumenical Temple.
  4298 | D:4      | Found a shadowy altar of Dithmenos.
  4319 | Temple   | Entered the Ecumenical Temple
  4345 | Temple   | Became a worshipper of Kikubaaqudgha
  4487 | D:4      | Reached skill level 5 in Stealth
  4487 | D:4      | Reached skill level 4 in Spellcasting
  4722 | D:4      | Learned a level 4 spell: Animate Dead
  5454 | D:5      | Found a sacrificial altar of Ru.
  5606 | D:5      | Reached skill level 7 in Necromancy
  5606 | D:5      | Reached XP level 7. HP: 36/46 MP: 9/14
  5851 | D:6      | Noticed derval's ghost (novice DECj)
  6085 | D:6      | Reached skill level 6 in Stealth
  6085 | D:6      | Reached skill level 5 in Spellcasting
  6492 | D:5      | HP: 10/46 [orc/hand axe (5)]
  6496 | D:5      | Reached * piety under Kikubaaqudgha
  6496 | D:5      | Identified Kikubaaqudgha's Grimoire of Unholy Rituals (Kikubaaqudgha gifted it to you on level 5 of the Dungeon)
  6496 | D:5      | Received a gift from Kikubaaqudgha
  6504 | D:5      | Learned a level 2 spell: Corpse Rot
  6745 | D:5      | Learned a level 4 spell: Control Undead
  6971 | D:6      | HP: 8/46 [derval's ghost/magic dart (6)]
  6973 | D:6      | HP: 2/46 [derval's ghost/magic dart (7)]
  7082 | D:6      | HP: 1/46 [orc warrior/glaive (14)]
  7101 | D:6      | Reached skill level 7 in Stealth
  7101 | D:6      | Reached skill level 8 in Necromancy
  7101 | D:6      | Reached XP level 8. HP: 4/52 MP: 6/16
  7559 | D:6      | HP: 12/52 [electric eel/bolt of electricity (8)]
  7822 | D:6      | HP: 11/52 [water moccasin skeleton (8)]
  7868 | D:6      | HP: 12/52 [water moccasin skeleton (6)]
  7950 | D:6      | HP: 11/52 [water moccasin skeleton (4)]
  7982 | D:6      | HP: 11/52 [water moccasin skeleton (4)]
  7983 | D:6      | Reached skill level 6 in Spellcasting
  8783 | D:6      | Found a snail-covered altar of Cheibriados.
  8840 | D:7      | Found a runed door.
  8844 | D:7      | Noticed Crazy Yiuf
  8851 | D:7      | Killed Crazy Yiuf
  9036 | D:7      | Reached skill level 8 in Stealth
  9444 | D:7      | Reached skill level 9 in Necromancy
  9517 | D:7      | Noticed a brown ugly thing
  9636 | D:7      | HP: 13/52 [brown ugly thing (12)]
  9636 | D:7      | HP: 2/52 [acid (11)]
  9638 | D:7      | Mangled by a brown ugly thing

Vault maps used:
D:1:      dpeg_arrival_stonehenge_8_columns
D:2:      minmay_kobold_bridge, xom_redecorated,
          nemelex_xobeh_ov_fountains_minmay, vehumet_crystals, first_bread
D:3:      nicolae_overflow_hidden_temple, yredelemnul_forgotten_temple_becter,
          marbit_many_paths
D:4:      lemuel_crystal_altar, minmay_temple_entry_statues_pillars,
          cheibrodos_gnoll_hut
D:5:      lemuel_crystal_altar, eat_drink_and_be_merry_uskayaw,
          grunt_temple_overflow_open
D:6:      lemuel_coloured_pillars_altar, serial_bayou_lake_a
D:7:      black_bear_nest_1, kennysheep_little_box, uniq_crazy_yiuf_cottage
Temple:   corrupted_temple

Skill      XL: |  1  2  3  4  5  6  7  8 |
---------------+-------------------------+-----
Necromancy     | 5 6 7 8 9 |  9.0
Spellcasting   | 3 4 5 6 |  6.6
Stealth        | 4 5 7 8 |  8.2
Dodging        | |  2.1

Action                   |  1- 3 |  4- 6 |  7- 9 || total
-------------------------+-------+-------+-------++-------
Melee: Unarmed           |     3 |       |       ||     3
       Dagger            |    19 |    33 |   129 ||   181
       Bite              |       |     1 |    12 ||    13
       Hand axe          |       |       |    12 ||    12
 Cast: Pain              |    80 |    66 |    90 ||   236
       Animate Skeleton  |     3 |     2 |       ||     5
       Vampiric Draining |       |     1 |    22 ||    23
       Animate Dead      |       |       |    13 ||    13
       Control Undead    |       |       |    10 ||    10
       Corpse Rot        |       |       |     1 ||     1
Invok: Receive Corpses   |       |       |     2 ||     2
 Abil: End Transformatio |       |       |     1 ||     1
       Bat Form          |       |       |     1 ||     1
Evoke: Wand              |       |       |     5 ||     5
  Use: Potion            |     4 |    12 |    12 ||    28
       Scroll            |       |     5 |     3 ||     8
 Stab: Sleeping          |     4 |     6 |     6 ||    16
       Distracted        |       |     1 |       ||     1
       Betrayed ally     |       |       |     1 ||     1
Armor: Robe              |     5 |     6 |    44 ||    55
Dodge: Dodged            |    42 |    38 |   142 ||   222

Vault maps used:
D:1:      dpeg_arrival_stonehenge_8_columns
D:2:      minmay_kobold_bridge, xom_redecorated,
          nemelex_xobeh_ov_fountains_minmay, vehumet_crystals, first_bread
D:3:      nicolae_overflow_hidden_temple, yredelemnul_forgotten_temple_becter,
          marbit_many_paths
D:4:      lemuel_crystal_altar, minmay_temple_entry_statues_pillars,
          cheibrodos_gnoll_hut
D:5:      lemuel_crystal_altar, eat_drink_and_be_merry_uskayaw,
          grunt_temple_overflow_open
D:6:      lemuel_coloured_pillars_altar, serial_bayou_lake_a
D:7:      black_bear_nest_1, kennysheep_little_box, uniq_crazy_yiuf_cottage
Temple:   corrupted_temple

Table legend:
 A = Turns spent in this place as a percentage of turns spent in the entire game.
 B = Non-inter-level travel turns spent in this place as a percentage of non-inter-level travel turns spent in the entire game.
 C = Inter-level travel turns spent in this place as a percentage of turns spent in this place.
 D = Turns resting spent in this place as a percentage of non-inter-level travel turns spent in this place.
 E = Turns spent auto-exploring this place as a percentage of non-inter-level travel turns spent in this place.
 F = Non-inter-level travel turns spent in this place divided by the number of levels of this place that you've seen.
                   A       B       C       D       E      F
               +-------+-------+-------+-------+-------+----------------------
         Total | 100.0 | 100.0 |   0.4 |   4.8 |   6.2 | 310.2
       Dungeon |  99.5 |  99.5 |   0.4 |   4.8 |   6.0 | 352.9
        Temple |   0.5 |   0.5 |   7.7 |   0.0 |  58.3 |  12.0
               +-------+-------+-------+-------+-------+----------------------

Table legend:
 A = Kills in this place as a percentage of kills in entire the game.
 B = Kills by you in this place as a percentage of kills by you in the entire game.
 C = Kills by friends in this place as a percentage of kills by friends in the entire game.
 D = Other kills in this place as a percentage of other kills in the entire game.
 E = Experience gained in this place as a percentage of experience gained in the entire game.
 F = Experience gained in this place divided by the number of levels of this place that you have seen.
                   A       B       C       D       E      F
               +-------+-------+-------+-------+-------+----------------------
         Total | 100.0 | 100.0 | 100.0 |  -nan | 100.0 | 297.4
       Dungeon | 100.0 | 100.0 | 100.0 |  -nan | 100.0 | 339.9
               +-------+-------+-------+-------+-------+----------------------
